Map: Avalanche

Players

Meister

  • Race: Terran Terran
  • League: Master
  • Spawn Location: 12:00

Night - Winner!

  • Race: Zerg Zerg
  • Spawn Location: 6:00

KingKong

  • Race: Zerg Zerg
  • Spawn Location: 12:00

PracticeX - Winner!

  • Race: Terran Terran
  • League: Grandmaster
  • Spawn Location: 6:00

VOD

Have the link to the VOD?

Description

Time

  • Played on: April 2, 2017, 2:36 a.m.
  • Length: 6:35
Show
View Real Time Build Order
Export as new Build Order

Meister Terran 

Build Orders: Reaper Expand, MMM Bio 

Get SALT Encoding   

  12  0:00  SCV  
  13  0:12  SCV  
  14  0:18  Supply Depot  
  14  0:26  SCV  
  15  0:40  SCV  
  15  0:41  Barracks  
  16  0:45  Refinery  
  16  0:52  SCV  
  17  1:04  SCV  
  18  1:16  SCV  
  19  1:30  Reaper, Orbital Command  
  20  1:44  Command Center  
  20  1:55  Barracks  
  20  2:00  SCV  
  21  2:04  Barracks Reactor  
  21  2:15  SCV  
  22  2:18  Refinery  
  22  2:19  Supply Depot  
  22  2:27  SCV  
  23  2:39  Factory  
  23  2:41  SCV  
  23  2:42  Marine x2  
  26  2:45  Barracks Tech Lab  
  26  2:53  SCV  
  28  3:04  Orbital Command  
  28  3:05  Marine x2  
  27  3:06  Stimpack  
  27  3:08  Marine  
  30  3:13  SCV  
  31  3:25  SCV, Starport  
  31  3:26  Factory Reactor  
  31  3:27  Marine  
  32  3:31  SCV  
  32  3:32  Marine  
  35  3:35  Marine  
  36  3:44  SCV  
  36  3:46  SCV, Marine  
  39  3:48  Supply Depot  
  39  3:50  Marine  
  40  3:56  SCV  
  40  3:58  SCV  
  40  4:00  Marine  
  42  4:04  Marine  
  42  4:07  Supply Depot  
  42  4:08  SCV  
  44  4:12  Medivac x2  
  44  4:15  Marine  
  49  4:17  Marine  
  49  4:18  Factory Tech Lab  
  49  4:20  Supply Depot  
  49  4:21  SCV  
  49  4:23  SCV  
  52  4:25  Marine  
  53  4:33  SCV  
  53  4:35  SCV  
  55  4:39  Engineering Bay  
  55  4:42  Refinery  
  55  4:45  SCV  
  55  4:47  SCV  
  55  4:49  Marine  
  55  4:50  Marine x2, Medivac  
  62  4:57  SCV, Supply Depot  
  63  5:00  SCV  
  63  5:04  Supply Depot  
  63  5:06  Combat Shields  
  64  5:09  Marine x3  
  64  5:10  SCV  
  68  5:18  SCV  
  66  5:27  Marine x3  
  65  5:30  SCV  
  65  5:31  Missile Turret  
  65  5:32  SCV  
  65  5:34  Missile Turret  
  65  5:37  Siege Tank  
  65  5:42  SCV, Refinery  
  69  5:44  SCV  
  69  5:45  Marine  
  69  5:48  Marine x2  
  73  5:53  Barracks  
  73  5:54  SCV  
  73  5:56  SCV  
  75  5:58  Medivac  
  75  6:03  Marine  
  62  6:06  Marine  
  52  6:14  Marine  
  53  6:21  SCV x2  
Show
View Real Time Build Order
Export as new Build Order

Night Zerg - Winner!

Build Orders: Pool First 

Get SALT Encoding   

  12  0:01  Drone  
  13  0:14  Overlord  
  13  0:18  Drone  
  14  0:33  Drone x2  
  16  0:39  Drone  
  17  0:44  Extractor  
  16  0:51  Spawning Pool  
  16  0:52  Drone  
  16  1:00  Drone  
  17  1:24  Drone  
  18  1:31  Drone  
  19  1:34  Hatchery  
  19  1:39  Queen  
  20  1:50  Metabolic Boost  
  20  1:53  Overlord  
  20  1:57  Drone  
  21  2:07  Drone  
  22  2:18  Drone  
  22  2:19  Drone  
  24  2:28  Lair  
  24  2:30  Extractor  
  24  2:33  Drone  
  24  2:41  Drone  
  25  2:45  Queen  
  25  2:49  Drone x2  
  29  2:52  Drone x3  
  32  2:59  Overlord  
  32  3:03  Drone  
  33  3:11  Drone  
  34  3:15  Drone  
  36  3:20  Drone x4  
  39  3:30  Spire  
  39  3:34  Zergling x4  
  39  3:37  Extractor  
  39  3:40  Overlord  
  39  3:44  Extractor  
  39  3:45  Drone  
  39  3:52  Overlord  
  39  3:54  Drone x3  
  42  3:58  Drone  
  43  4:08  Drone x5  
  48  4:15  Overlord  
  47  4:18  Overlord  
  47  4:25  Overlord  
  47  4:42  Mutalisk  
  47  4:43  Mutalisk x6  
  61  4:48  Mutalisk  
  63  4:55  Mutalisk  
  63  4:59  Mutalisk x3  
  71  5:03  Overlord  
  71  5:05  Mutalisk  
  71  5:06  Zergling x2  
  75  5:07  Zergling x2  
  75  5:14  Mutalisk x2  
  79  5:27  Mutalisk  
  81  5:30  Zergling x8  
  85  5:40  Overlord, Mutalisk  
  87  5:51  Hatchery, Mutalisk x2  
  87  5:55  Zergling x4  
  92  6:08  Mutalisk  
  92  6:10  Zergling x8  
  92  6:11  Zergling x4  
  100  6:14  Overlord  
  100  6:15  Overlord  
Show
View Real Time Build Order
Export as new Build Order

KingKong Zerg 

Build Orders: Hatch First 

Get SALT Encoding   

  12  0:00  Drone  
  13  0:12  Overlord  
  13  0:19  Drone  
  14  0:31  Drone x2  
  16  0:37  Drone  
  17  0:57  Drone  
  18  0:59  Hatchery  
  18  1:00  Drone  
  18  1:11  Extractor  
  17  1:15  Spawning Pool  
  17  1:17  Drone  
  17  1:21  Drone  
  18  1:30  Drone  
  19  1:39  Drone  
  20  1:52  Drone  
  21  2:04  Roach Warren, Queen  
  21  2:05  Overlord  
  22  2:11  Drone x2  
  22  2:14  Queen  
  26  2:22  Overlord  
  26  2:25  Overlord  
  26  2:34  Drone  
  27  2:37  Overlord  
  27  2:44  Drone x2  
  29  2:53  Overlord  
  29  2:55  Drone  
  30  3:12  Roach x5  
  40  3:18  Drone  
  41  3:21  Roach  
  41  3:23  Roach  
  41  3:24  Roach x2  
  49  3:28  Roach  
  51  3:37  Roach  
  51  3:41  Overlord  
  53  3:43  Roach  
  53  3:47  Drone, Overlord  
  56  3:49  Overlord  
  56  3:53  Roach  
  58  3:58  Roach  
  58  4:01  Roach  
  58  4:02  Drone x2  
  64  4:08  Roach  
  64  4:09  Drone  
  67  4:17  Drone x2  
  69  4:29  Hatchery  
  69  4:30  Drone x2  
  69  4:31  Drone  
  71  4:35  Roach  
  71  4:36  Roach  
  75  4:41  Drone x2  
  75  4:43  Extractor  
  76  4:47  Overlord  
  76  4:56  Overlord, Roach  
  76  4:59  Extractor  
  77  5:01  Overlord  
  77  5:03  Drone x4  
  81  5:08  Spore Crawler  
  81  5:11  Spore Crawler  
  79  5:16  Lair  
  79  5:17  Extractor  
  78  5:27  Spore Crawler  
  77  5:33  Spore Crawler  
  76  5:37  Overlord  
  76  5:42  Drone x5  
  81  5:44  Spore Crawler  
  78  5:52  Drone x2  
  78  5:55  Drone x2  
  78  5:56  Drone, Queen  
  77  6:00  Spore Crawler  
  55  6:19  Hydralisk Den  
Show
View Real Time Build Order
Export as new Build Order

PracticeX Terran - Winner!

Build Orders: Hellion Opening 

Get SALT Encoding   

  12  0:01  SCV  
  13  0:14  SCV  
  14  0:26  SCV, Supply Depot  
  15  0:47  SCV  
  15  0:49  Barracks  
  16  0:52  Refinery  
  16  0:59  SCV  
  17  1:12  SCV  
  18  1:24  SCV  
  19  1:30  Refinery  
  19  1:36  Orbital Command  
  19  1:37  Marine  
  20  1:42  Supply Depot  
  20  1:54  Marine  
  21  2:08  Factory  
  21  2:13  SCV  
  21  2:14  Barracks Reactor  
  22  2:36  SCV  
  23  2:38  Command Center  
  23  2:48  SCV  
  24  2:55  Factory  
  26  2:58  Hellion  
  26  2:59  Hellion  
  26  3:01  Barracks Tech Lab  
  28  3:08  SCV  
  28  3:09  Supply Depot  
  31  3:20  Hellion  
  31  3:30  Supply Depot  
  31  3:31  Hellion  
  33  3:46  Infernal Pre-Igniter  
  33  3:48  Hellion x2  
  37  4:00  Orbital Command  
  37  4:04  Hellion  
  37  4:08  SCV  
  37  4:09  Hellion  
  42  4:17  Siege Tank  
  45  4:46  SCV  
  46  4:54  Hellion x2  
  50  5:03  Orbital Command  
  50  5:15  Hellion x2  
  54  5:32  SCV x2  
  56  5:41  Siege Tank  
  56  5:42  Hellion  
  61  5:44  SCV  
  62  5:58  SCV x2  
  62  6:04  Hellion  
  61  6:22  Refinery x2  
Tags
 
Add a new tag
Caveats
  • Supply blocks, unpowered buildings, or Contaminate may cause inaccurate times.
  • Supply counts are checked every 10 seconds.